 Dungeon Crawl Stone Soup version 0.27.0-1-g7a089689b8 (webtiles) character file.

Game seed: 8348449955023218987

765 ZombieSheep the Sneak (level 7, -7/45 HPs)
             Began as an Octopode Enchanter on Aug 3, 2021.
             Mangled by Grinder (9 damage)
             ... while paralysed by Grinder
             ... on level 3 of the Dungeon.
             The game lasted 00:09:03 (3959 turns).

ZombieSheep the Sneak (Octopode Enchanter)          Turns: 3959, Time: 00:09:03

Health: -7/45      AC:  1    Str:  7    XL:     7   Next: 81%
Magic:  10/12      EV:  2    Int: 19    God:
Gold:   154        SH:  0    Dex: 13    Spells: 9/13 levels left

rFire    . . .     SeeInvis .   a - +1 dagger
rCold    + + .     Faith    .   (no shield)
rNeg     . . .     Spirit   .   (helmet restricted)
rPois    .         Reflect  .   (no amulet)
rElec    .         Harm     .   b - +4 ring of evasion
rCorr    .         Rampage  .   c - +4 ring of evasion
Will     .....                  e - ring of protection from cold
Stlth    ++++......             i - ring of protection from cold
HPRegen  0.15/turn              (no ring)
MPRegen  0.13/turn              (no ring)
                                (no ring)
                                (no ring)

@: paralysed
A: almost no armour, amphibious, 8 rings, camouflage 1, gelatinous body 1,
(nimble swimmer 1), tentacles
a: no special abilities


You were on level 3 of the Dungeon.
You visited 1 branch of the dungeon, and saw 5 of its levels.
You also visited: Ossuary.

You collected 154 gold pieces.

Inventory:

Hand Weapons
 a - a +1 dagger (weapon)
Armour
 f - a +0 buckler
Jewellery
 b - a +4 ring of evasion (left tentacle)
 c - a +4 ring of evasion (right tentacle)
 e - a ring of protection from cold (on tentacle)
 i - a ring of protection from cold (on tentacle)
Wands
 h - a wand of acid (9)
Potions
 g - a potion of heal wounds {unknown}


   Skills:
 - Level 2.3 Fighting
 + Level 3.7 Short Blades
 + Level 4.1 Dodging
 - Level 5.5 Stealth
 + Level 2.2 Shields
 + Level 3.9 Spellcasting
 + Level 2.3 Conjurations
 - Level 3.0 Hexes


You had 9 spell levels left.
You knew the following spells:

 Your Spells              Type           Power      Damage    Failure   Level
a - Corona                Hex            16%        N/A       4%          1
b - Dazzling Flash        Conj/Hex       26%        N/A       14%         3

Your spell library contained the following spells:

 Spells                   Type           Power      Damage    Failure   Level
 Ensorcelled Hibernation  Hex/Ice        18%        N/A       12%         2
 Confusing Touch          Hex            15%        N/A       12%         3
 Tukima's Dance           Hex            15%        N/A       12%         3
 Animate Skeleton         Necr           6%         N/A       14%         1
 Apportation              Tloc           6%         N/A       14%         1
 Sandblast                Erth           6%         2d5       14%         1
 Summon Small Mammal      Summ           12%        N/A       14%         1
 Passwall                 Tmut/Erth      2%         N/A       22%         2
 Mephitic Cloud           Conj/Pois/Air  6%         N/A       30%         3
 Ignite Poison            Fire/Tmut/Pois 3%         N/A       38%         3
 Bolt of Magma            Conj/Fire/Erth 3%         4d5       95%         5
 Lee's Rapid Deconstruct  Erth           1%         3d5*      98%         5


Dungeon Overview and Level Annotations

Branches:
Dungeon (5/15)            Ossuary (visited)
 Temple: D:4-7

Altars:
Trog
Uskayaw

Shops:
D:5 (

Annotations:
D:3 Grinder
D:4 Robin, Sigmund


Innate Abilities, Weirdness & Mutations

You cannot wear most types of armour.
You are amphibious.
You can wear up to eight rings at the same time.
Your skin changes colour to match your surroundings (Stealth+).
Your rubbery body absorbs attacks. (AC +1, EV +1)
((You are camouflaged near water. (Stealth+)))
You have tentacles for arms and can constrict up to eight enemies at once.


Message History

Grinder is dazzled.
You barely miss Grinder. Your grab misses Grinder. You closely miss Grinder.
You grab Grinder. You constrict Grinder.
Grinder struggles to escape constriction.
You hit Grinder but do no damage. You squeeze Grinder.
Grinder is lightly wounded.
You constrict Grinder, but do no damage.
Grinder misses you.
You hit Grinder but do no damage.
Grinder is lightly wounded.
You constrict Grinder.
Grinder is no longer blind.
You hit Grinder.
Grinder is moderately wounded.
You constrict Grinder. Grinder hits you.
You writhe in agony.
You hit Grinder.
Grinder is moderately wounded.
You constrict Grinder, but do no damage.
Grinder closely misses you.
You hit Grinder but do no damage.
Grinder is moderately wounded.
You constrict Grinder. Grinder closely misses you.
You hit Grinder but do no damage.
Grinder is moderately wounded.
You constrict Grinder, but do no damage.
Grinder gestures at you.
You suddenly lose the ability to move!
You lose your grip on Grinder.
Grinder hits you but does no damage. Grinder hits you.
You writhe in agony.
Grinder hits you!
You writhe in agony.
* * * LOW HITPOINT WARNING * * *
Grinder hits you!
* * * LOW HITPOINT WARNING * * *
You writhe in agony.
* * * LOW HITPOINT WARNING * * *
Grinder hits you.
* * * LOW HITPOINT WARNING * * *
You writhe in agony.
* * * LOW HITPOINT WARNING * * *
Grinder hits you!
You die...

... ..(# .......# .......####
. # #.#.........
..#.###.#........ .###.#
#...............
.#..###.......5##.... ##.
.......#...†@.##.#.# .... #.#
#.............##.#.##....#
#.###...##.#...##....g.......#
#.##.....#....######...##.$.#
..##.).......<.######.....#
(..........#............###
..#............#..{..#..#
........................#
...>....................#


You could see Grinder.

Vanquished Creatures
  An ogre (D:5)
  2 necrophages (D:5)
  A scorpion (D:5)
  A water moccasin skeleton (D:5)
  A bullfrog zombie (D:5)
  A hound (D:5)
  A bullfrog skeleton (D:5)
  3 iguanas
  2 orc wizards (D:5)
  3 mummies (Ossuary)
  8 adders
  3 worms
  2 dart slugs
  3 orcs
  5 ball pythons
  2 bats
  5 endoplasms
  2 giant cockroaches (D:2)
  12 goblins
  7 hobgoblins
  6 jackals
  6 kobolds
  3 frilled lizards
  4 rats
84 creatures vanquished.

Vanquished Creatures (others)
  63 plants (D:4)
63 creatures vanquished.

Grand Total: 147 creatures vanquished

Notes
Turn   | Place    | Note
-------+----------+-------------------------------------------
     0 | D:1      | ZombieSheep the Octopode Enchanter began the quest for the
                  | Orb.
     0 | D:1      | Reached XP level 1. HP: 11/11 MP: 3/3
    79 | D:1      | Reached XP level 2. HP: 4/18 MP: 5/5
   694 | D:1      | Reached XP level 3. HP: 16/22 MP: 6/6
   776 | D:1      | Learned a level 3 spell: Dazzling Flash
  1022 | D:1      | Reached skill level 1 in Fighting
  1607 | D:2      | Reached XP level 4. HP: 28/28 MP: 7/7
  1794 | D:2      | Found a bloodstained altar of Trog.
  2159 | D:3      | Noticed Grinder
  2373 | D:4      | Reached skill level 5 in Stealth
  2373 | D:4      | Reached XP level 5. HP: 31/34 MP: 5/9
  2409 | D:4      | Noticed Sigmund
  2480 | D:5      | Entered Level 5 of the Dungeon
  2493 | D:5      | Noticed an ogre
  2502 | D:5      | Killed an ogre
  2567 | D:5      | Reached XP level 6. HP: 40/40 MP: 10/10
  2649 | D:5      | Found a sand-covered staircase.
  2657 | Ossuary  | Entered an ossuary
  2839 | D:5      | Found a hide-covered altar of Uskayaw.
  2888 | D:5      | Identified the +0 helmet "Siosh" {rN+ Dex+4}
  2894 | D:5      | Reached skill level 1 in Shields
  2894 | D:5      | Reached skill level 1 in Conjurations
  2909 | D:5      | Reached XP level 7. HP: 45/45 MP: 12/12
  3067 | D:5      | Found Toagioxe's Weapon Boutique.
  3602 | D:4      | Noticed Robin
  3953 | D:3      | Paralysed by Grinder for 7 turns
  3958 | D:3      | HP: 2/45 [Grinder (1)]
  3959 | D:3      | Mangled by Grinder

Illustrated notes

Levels and vault maps discovered:
D:1:      wheals_arrival_shading, layout_basic, minmay_tripent
D:2:      layout_loops_ring, basic_altar
D:3:      layout_rooms, kennysheep_potato, uniq_grinder
D:4:      wad_woods_stonehenge, layout_basic, minmay_temple_entry_junction,
          st_stairs_10, uniq_robin, uniq_menkaure, uniq_sigmund
D:5:      layout_basic, mainiacjoe_overflow_alcove_4,
          nicolae_ossuary_entry_ruins, serial_shops, shop

Skill      XL: |  1  2  3  4  5  6  7 |
---------------+----------------------+-----
Fighting       | 1 2 |  2.3
Short Blades   | 2 3 |  3.7
Stealth        | 5 |  5.5
Dodging        | 3 4 |  4.1
Spellcasting   | 3 |  3.9
Shields        | 1 2 |  2.2
Conjurations   | 1 2 |  2.3
Hexes          | |  3.0

Action                   |  1- 3 |  4- 6 |  7- 9 || total
-------------------------+-------+-------+-------++-------
Melee: Dagger            |    77 |    74 |    82 ||   233
       Constrict         |    18 |    14 |    13 ||    45
       Tentacles         |    13 |    19 |    17 ||    49
 Cast: Corona            |       |     2 |       ||     2
       Dazzling Flash    |       |       |     1 ||     1
Evoke: Wand              |       |       |     1 ||     1
  Use: Scroll            |     2 |     1 |     1 ||     4
       Potion            |       |     1 |       ||     1
 Stab: Sleeping          |    13 |    14 |     3 ||    30
       Distracted        |       |     1 |       ||     1
Armor: Skin              |     5 |     3 |     1 ||     9
Dodge: Dodged            |    32 |    57 |    63 ||   152
